 Dungeon Crawl Stone Soup version 0.26-a0-710-g95a0c6c400 (webtiles) character file.

Game seed: 14882550622975221996

7 Gargoyl the Skirmisher (level 2, -10/29 HPs)
             Began as a Gnoll Abyssal Knight on Oct 30, 2020.
             Was a Follower of Lugonu.
             Mangled by an ancient zyme (13 damage)
             ... on level 1 of the Abyss.
             The game lasted 00:00:28 (429 turns).

Gargoyl the Skirmisher (Gnoll Abyssal Knight)        Turns: 429, Time: 00:00:28

Health: -10/29     AC:  3    Str:  9 (10) XL:     2   Next: 4%
Magic:  5/5        EV: 12    Int: 10      God:    Lugonu [*.....]
Gold:   0          SH:  0    Dex: 10      Spells: 1/1 levels left

rFire    . . .     SeeInvis .   a - +1 hand axe
rCold    . . .     Faith    .   (no shield)
rNeg     . . .     Spirit   .   b - +0 leather armour
rPois    .         Reflect  .   (no helmet)
rElec    .         Harm     .   (no cloak)
rCorr    .         Rampage  .   (no gloves)
MR       .....     Rnd*Rage +   (no boots)
Stlth    +.........             (no amulet)
HPRegen  0.00/turn              (no ring)
MPRegen  0.09/turn              (no ring)

@: non-regenerating, diseased
A: distributed training, fangs 1, [berserk 2], [clumsy 2], deterioration 1,
[dopey 2], [screaming 2], [weak 2], strong nose
a: Depart the Abyss, Renounce Religion


You were on level 1 of the Abyss.
You worshipped Lugonu.
Lugonu was aware of your devotion.
You visited 0 branches of the dungeon, and saw 0 of its levels.
You visited the Abyss 1 time.

Inventory:

Hand Weapons
 a - a +1 hand axe (weapon)
Armour
 b - a +0 leather armour (worn)


   Skills:
 + Level 6.4 Fighting
 + Level 0.2 Short Blades
 + Level 0.2 Long Blades
 + Level 4.4 Axes
 + Level 0.2 Maces & Flails
 + Level 0.2 Polearms
 + Level 0.2 Staves
 + Level 0.2 Slings
 + Level 0.2 Bows
 + Level 0.2 Crossbows
 + Level 0.2 Throwing
 + Level 4.4 Armour
 + Level 2.4 Dodging
 + Level 0.2 Stealth
 + Level 0.2 Shields
 + Level 0.2 Unarmed Combat
 + Level 0.2 Spellcasting
 + Level 0.1 Conjurations
 + Level 0.1 Hexes
 + Level 0.1 Summonings
 + Level 0.1 Necromancy
 + Level 0.1 Translocations
 + Level 0.1 Transmutations
 + Level 0.1 Fire Magic
 + Level 0.1 Ice Magic
 + Level 0.1 Air Magic
 + Level 0.1 Earth Magic
 + Level 0.1 Poison Magic
 + Level 4.4 Invocations
 + Level 0.2 Evocations


You had one spell level left.
You didn't know any spells.
Your spell library was empty.

Dungeon Overview and Level Annotations

Branches:
Dungeon (0/15)

Altars:


Innate Abilities, Weirdness & Mutations

Your experience applies equally to all skills.
You have very sharp teeth.
Your uncanny sense of smell can sniff out nearby items.
Your body sometimes deteriorates upon taking damage.
[You often lose your temper in combat.]
[You are very clumsy. (Dex -4)]
[You are very dopey. (Int -4)]
[You sometimes yell uncontrollably at your foes.]
[You are very weak. (Str -4)]


Message History

Your body deteriorates!
You feel weakened.
The ancient zyme hits you but does no damage.
You feel ill.
A death drake comes into view.
The death drake hisses angrily.
The death drake breathes miasma at you.
The wretched star pulses with an eldritch light!
You feel the urge to shout.
You feel a strong urge to yell.
You feel clumsy. x2
Really walk into that cloud of foul pestilence? [Y]es or [N]o only, please.
Really walk into that cloud of foul pestilence? [Y]es or [N]o only, please.
Really walk into that cloud of foul pestilence? [Y]es or [N]o only, please.
Really walk into that cloud of foul pestilence?
Okay, then.
The wretched star pulses with an eldritch light!
You feel stupid. x2
The ancient zyme hits you!
You die...

...#.....#...∆
..○......... .
..k....... .. #.
....°... .... #..
#☼°°°. ....#
#..###°°.###...##
....#°°°..#.....#
.......°.x@.......
##........X........
#.4.................
..#...#.4.*.#.....#
# ...###...###...##
#.#.. #.....#.....#
#........... .....
#.
#.................
...#.#..............


You could see a death drake, a wretched star, an ancient zyme, a large
abomination and a chaos spawn.

Vanquished Creatures
  A shadow imp (Abyss:1)
1 creature vanquished.

Notes
Turn   | Place    | Note
-------+----------+-------------------------------------------
     0 | Abyss:1  | Gargoyl the Gnoll Abyssal Knight began the quest for the
                  | Orb.
     0 | Abyss:1  | Reached XP level 1. HP: 23/23 MP: 3/3
     0 | Abyss:1  | Found a corrupted altar of Lugonu.
    59 | Abyss:1  | Noticed a neqoxec
    64 | Abyss:1  | Gained mutation: Your body sometimes deteriorates upon
                  | taking damage. [a neqoxec]
   225 | Abyss:1  | Reached XP level 2. HP: 17/29 MP: 5/5
   409 | Abyss:1  | Noticed a large abomination
   417 | Abyss:1  | Noticed a chaos spawn
   420 | Abyss:1  | Noticed a wretched star
   421 | Abyss:1  | Noticed an ancient zyme
   427 | Abyss:1  | Noticed a death drake
   429 | Abyss:1  | Mangled by an ancient zyme

Illustrated notes

Levels and vault maps discovered:
Abyss:1:  grunt_abyss_exit_deep_breaths, bh_abyss_negative, minivault_27,
          evilmike_abyss_exit_7

Action                   || total
-------------------------++-------
Melee: Hand axe          ||    10
       Bite              ||     2
  Use: Scroll            ||     2
Armor: Leather armour    ||     3
Dodge: Dodged            ||     7

Table legend: (Time is in decaauts)
 A = Elapsed time spent in this place.
 B = Non-inter-level travel time spent in this place.
 C = Inter-level travel time spent in this place.
 D = Time resting spent in this place.
 E = Time spent auto-exploring this place.
 F = Levels seen in this place.
 G = Mean time per level.
                   A        B        C        D        E       F      G
               +--------+--------+--------+--------+--------+-----+--------+
         Total |    429 |    429 |      0 |      0 |    370 |   1 |  429.0 |
         Abyss |    429 |    429 |      0 |      0 |    370 |   1 |  429.0 |
               +--------+--------+--------+--------+--------+-----+--------+

Top non-repeatable levels by time:
 Abyss:1: 429 daAuts
